 Dungeon Crawl Stone Soup version 0.28.0-43-g3370ac3207 (console) character file.

Game seed: 8712138868245376102

4165 Zeor the Thaumaturge (level 10, -4/62 HPs)
             Began as a Djinni Fire Elementalist on Mar 22, 2022.
             Was a Priest of Zin.
             Slain by a wraith (9 damage)
             ... on level 6 of the Dungeon on Mar 23, 2022.
             The game lasted 00:35:29 (8823 turns).

Zeor the Thaumaturge (Djinni Fire Elementalist)     Turns: 8823, Time: 00:35:29

Health: -4/62      AC:  8    Str:  7    XL:     10   Next: 53%
Gold:   231        EV: 14    Int: 21    God:    Zin [***...] SH:  0 Dex: 14

rFire   + + .      SeeInvis .   a - staff of conjuration
rCold   . . .      Faith    .   (no shield)
rNeg    . . .      Spirit   .   p - +0 leather armour {rC+}
rPois   ∞          Reflect  .   f - +2 hat
rElec   .          Harm     .   z - scarf {repulsion}
rCorr   .          Rampage  .   (no gloves)
Will    +....                   (boots unavailable)
Stlth   ++........              (no amulet)
HPRegen 0.20/turn               (no ring)
MPRegen 0.00/turn               (no ring)

@: on recite cooldown, flying, slowed, repel missiles, very slow
A: sickness immunity, fire resistance 2, cold vulnerability 1, float, innate
caster, HP casting, extra vitality 1, iridescent scales 1, shaggy fur 1
a: Renounce Religion, Recite, Vitalisation, Imprison, Donate Gold


You were on level 6 of the Dungeon.
You worshipped Zin.
Zin was most pleased with you.
You visited 2 branches of the dungeon, and saw 8 of its levels.

You collected 380 gold pieces.
You spent 30 gold pieces at shops.
You donated 119 gold pieces to Zin.

Inventory:

Hand Weapons
 b - a +3 dagger of venom
 o - a +2 vorpal falchion
 r - a +2 dagger of protection
Missiles
 j - 5 javelins
 l - 5 atropa-tipped darts
 w - a curare-tipped dart
Armour
 f - a +2 hat (worn)
 p - a +0 leather armour of cold resistance (worn)
 u - a scarf of shadows
 z - a scarf of repulsion (worn)
Magical Staves
 a - a staff of conjuration (weapon)
 h - a staff of air
Jewellery
 i - a ring of resist corrosion
Scrolls
 q - 3 scrolls of teleportation
 x - a scroll of immolation
 y - a scroll of silence
 B - a scroll of fear
Potions
 c - a potion of invisibility {unknown}
 d - 4 potions of might
 e - 4 potions of heal wounds
 g - 4 potions of brilliance
 k - a potion of degeneration {unknown}
 m - a potion of haste {unknown}
 n - 2 potions of mutation
 s - a potion of resistance {unknown}
 t - a potion of magic {unknown}
 v - 3 potions of curing
 A - 2 potions of ambrosia {unknown}


   Skills:
 + Level 1.3 Fighting
 + Level 2.9 Armour
 * Level 6.5 Dodging
 + Level 3.1 Stealth
 + Level 9.5 Spellcasting
 * Level 4.0 Invocations


You had 6 spell levels left.
You knew the following spells:

 Your Spells              Type           Power      Damage    Failure   Level
a - Foxfire               Conj/Fire      100%       2x1d9     1%          1
b - Scorch                Fire           100%       2d10      1%          2
c - Conjure Flame         Conj/Fire      66%        6-21      1%          3
d - Inner Flame           Hex/Fire       50%        N/A       1%          3
e - Flame Wave            Conj/Fire      66%        2d12      1%          4
f - Sandblast             Erth           100%       2d20      1%          1
g - Passwall              Tmut/Erth      41%        N/A       1%          2
h - Vampiric Draining     Necr           50%        2d9       1%          3
i - Tukima's Dance        Hex            50%        N/A       1%          3
Your spell library was empty.

Dungeon Overview and Level Annotations

Branches:
Dungeon (7/15)             Temple (1/1) D:5

Altars:
Ashenzari
Cheibriados
Dithmenos
Elyvilon
Fedhas
Gozag
Hepliaklqana
Kikubaaqudgha
Nemelex Xobeh
Okawaru
Qazlal
Ru
Sif Muna
Trog
Uskayaw
Wu Jian
Xom
Yredelemnul
Zin
The Shining One

Shops:
D:6 *

Annotations:
D:3 2 transporters
D:6 1 transporter
D:7 2 transporters


Innate Abilities, Weirdness & Mutations

You are immune to sickness and miasma.
You are immune to poison.
Your flesh is very heat resistant. (rF++)
You are vulnerable to cold. (rC-)
You float through the air rather than walking.
You learn spells naturally, not from books.
Your magical power is your life essence.
You have superior vitality. (+4 MHP)
You are partially covered in iridescent scales. (AC +2)
You are covered in fur. (AC +1)


Message History

The vampire flickers and vanishes!
Deactivating autopickup; reactivate with Ctrl-A.
Casting: Scorch (safe; 1% risk of failure)
Confirm with . or Enter, or press ? or * to list all spells.
Casting: Flame Wave (dangerous; 1% risk of failure)
Press: ? - help, Dir - look around, f - activate You feel a surge of power!
A wave of flame ripples out!
The flame wave engulfs the wraith!
The wraith is heavily damaged.
The flame wave engulfs the wyvern skeleton!
The wyvern skeleton is severely damaged.
The flame wave engulfs the necrophage!!
You destroy the necrophage!
Zin accepts your kill.
The flame wave engulfs something! (Press . to intensify the flame waves.) "...uncleanliness, and thus judgement was rendered."
The vampire is blasted by the fury of Zin!
The vampire is moderately damaged.
You finish reciting Ablutions 26:5.
The wyvern skeleton bites you. The wraith hits you.
Something hits you but does no damage. Something bites you. Menkaure hits you.
* * * LOW HITPOINT WARNING * * *
A wave of flame ripples out!
The flame wave engulfs the wraith!
The wraith is almost destroyed.
The flame wave engulfs the vampire.
The vampire is moderately damaged.
The flame wave engulfs Menkaure!!
Menkaure is burned terribly!
You destroy Menkaure!
Zin accepts your kill.
The flame wave engulfs something.
The flame wave engulfs the wyvern skeleton!
The wyvern skeleton is almost destroyed.
* * * LOW HITPOINT WARNING * * *
The wraith closely misses you. Something hits you.
* * * LOW HITPOINT WARNING * * *
Something bites you.
* * * LOW HITPOINT WARNING * * *
The wraith hits you!
You die...

▒∙∙∙∙∙∙∙∙∙∙∙∙∙(▒∙▒▒∙∙∙∙∙∙∙∙
▒∙▒∙∙∙∙∙∙∙∙∙∙∙∙∙∙∙▒∙∙∙∙∙∙∙∙
▒∙▒∙▒▒▒▒▒▒▒▒▒▒▒▒▒∙▒∙∙∙∙∙∙∙∙
▒∙▒∙▒Ω∙∙∙∙∙∙∙∙∙∙▒∙∙∙∙∙∙∙∙∙∙
▒∙▒∙▒∙∙∙∙∙∙∙∙∙∙}▒∙∙∙∙∙∙∙∙∙∙
▒∙▒∙▒∙∙▒▒▒∙▒▒▒∙$▒∙▒∙∙∙∙∙∙∙∙
▒∙▒∙▒∙∙▒8▒∙▒8▒∙▄▒∙▒▒∙∙∙∙∙∙∙
▒∙∙∙▒∙∙∙∙W∙∙∙∙∙[▒∙∙▒∙∙∙∙∙∙∙
▒∙∙Ω▒∙∙∙∙ZR{∙∙∙⌠▒Ω∙∙∙∙∙∙∙∙∙
▒▒∙∙▒∙∙∙∙V∙∙∙∙∙=▒∙∙∙∙∙∙∙▒▒∙
▒▒∙▒∙∙▒8▒∙▒8▒∙▄▒∙∙∙∙∙∙∙▒▒∙
▒∙▒∙∙▒▒▒∙▒▒▒∙(▒∙▒∙∙∙∙∙∙∙∙
▒∙▒∙∙∙∙∙∙∙∙WZV▒∙▒∙∙∙∙∙∙▒∙
▒∙▒∙∙∙∙∙∙∙∙∙nM▒∙∙∙∙∙▒∙∙∙∙
▒∙▒▒▒▒▒▒▒▒▒▒▒▒▒∙∙∙∙▒▒▒∙∙∙
▒∙∙∙∙∙∙∙∙∙∙∙∙∙∙∙▒▒▒▒ ▒▒∙∙
▒▒▒▒▒▒▒▒▒▒▒▒▒▒▒▒▒ ▒▒▒


You could see a vampire, a wraith and a wyvern skeleton.

Vanquished Creatures
  2 slime creatures (D:6)
  4 yaks (D:6)
  2 steam dragons (D:7)
  Eustachio (D:4)
  Menkaure (D:6)
  A water moccasin (D:5)
  An ice beast (D:5)
  5 sky beasts
  An orc warrior (D:7)
  2 black bears
  A necrophage (D:6)
  An ogre (D:5)
  A centaur (D:6)
  A phantom (D:6)
  3 kobold brigands (D:6)
  2 bullfrogs
  A scorpion (D:6)
  2 wyvern skeletons (D:7)
  A water moccasin zombie (D:5)
  A water moccasin skeleton (D:5)
  3 howler monkeys (D:7)
  6 jellies
  A bullfrog zombie (D:5)
  A hound (D:5)
  A centaur zombie (D:7)
  An orc priest (D:3)
  A bullfrog skeleton (D:7)
  A gnoll shaman (D:4)
  3 iguanas
  5 orc wizards
  A scorpion zombie (D:5)
  A hound skeleton (D:5)
  A mummy (D:5)
  A howler monkey zombie (D:7)
  Robin (D:4)
  5 gnolls (D:4)
  8 adders
  A white imp (D:6)
  An ufetubus (D:5)
  3 worms
  2 dart slugs
  26 orcs
  6 endoplasms
  3 giant cockroaches
  13 goblins
  6 hobgoblins
  2 jackals (D:3)
  2 quokkas
  5 ball pythons
  4 bats
  3 frilled lizards
  2 hobgoblin zombies (D:5)
  12 kobolds
  A kobold zombie (D:5)
  An orc zombie (D:5)
  7 rats
175 creatures vanquished.

Vanquished Creatures (others)
  324 foxfires
  6 fungi (D:6)
  8 toadstools (D:6)
338 creatures vanquished.

Grand Total: 513 creatures vanquished

Notes
Turn   | Place    | Note
-------+----------+-------------------------------------------
     0 | D:1      | Zeor the Djinni Fire Elementalist began the quest for the
                  | Orb.
     0 | D:1      | Reached XP level 1. HP: 15/15 MP: 0/0
   193 | D:1      | Reached XP level 2. HP: 20/21 MP: 0/0
   954 | D:2      | Found a faded altar of an unknown god.
  1082 | D:2      | Reached skill level 3 in Spellcasting
  1082 | D:2      | Reached XP level 3. HP: 22/25 MP: 0/0
  1082 | D:2      | Learned a level 1 spell: Sandblast
  1166 | D:2      | Found a sacrificial altar of Ru.
  1321 | D:2      | Reached XP level 4. HP: 27/31 MP: 0/0
  1839 | D:3      | Reached XP level 5. HP: 33/35 MP: 0/0
  1839 | D:3      | Learned a level 2 spell: Passwall
  1957 | D:3      | Found a transporter.
  1960 | D:3      | Found a transporter.
  2045 | D:3      | Reached skill level 4 in Spellcasting
  2380 | D:3      | Reached XP level 6. HP: 23/40 MP: 0/0
  2684 | D:3      | Found an ornate altar of the Wu Jian Council.
  3273 | D:4      | Noticed a black bear
  3283 | D:4      | Noticed Eustachio
  3293 | D:4      | Killed Eustachio
  3294 | D:4      | Reached skill level 5 in Spellcasting
  3294 | D:4      | Reached XP level 7. HP: 39/46 MP: 0/0
  3294 | D:4      | Learned a level 3 spell: Vampiric Draining
  3401 | D:4      | Noticed Robin
  3432 | D:4      | Killed Robin
  3700 | D:4      | Found a bloodstained altar of Trog.
  4338 | D:5      | Entered Level 5 of the Dungeon
  4366 | D:5      | Reached XP level 8. HP: 48/51 MP: 0/0
  4440 | D:5      | Found a staircase to the Ecumenical Temple.
  4448 | D:5      | Reached skill level 6 in Spellcasting
  4451 | Temple   | Entered the Ecumenical Temple
  4586 | D:5      | Reached skill level 1 in Armour
  5056 | D:5      | Identified the +2 ring mail of the True Pharaoh {Fly Dex+4}
  5252 | D:5      | Found a stormy altar of Qazlal.
  5390 | Temple   | Became a worshipper of Zin the Law-Giver
  5390 | Temple   | Reached * piety under Zin
  5400 | Temple   | Donated 81 gold pieces to Zin
  5439 | D:5      | Reached skill level 5 in Dodging
  5439 | D:5      | Reached skill level 7 in Spellcasting
  5599 | D:6      | Reached XP level 9. HP: 50/56 MP: 0/0
  5599 | D:6      | Learned a level 3 spell: Tukima's Dance
  5605 | D:6      | Reached skill level 1 in Invocations
  6087 | D:6      | Noticed a slime creature
  6088 | D:6      | Noticed a slime creature
  6117 | D:6      | Killed a slime creature
  6118 | D:6      | Reached skill level 8 in Spellcasting
  6247 | D:6      | Found Yqoabes's Assorted Antiques.
  6254 | D:6      | Bought a scroll labelled NIBIRU KAINNO for 30 gold pieces
  6332 | D:6      | Reached skill level 1 in Fighting
  6773 | D:6      | Reached ** piety under Zin
  6812 | D:6      | Found a basalt altar of Yredelemnul.
  6813 | D:6      | Noticed Menkaure
  7039 | D:6      | Reached XP level 10. HP: 48/62 MP: 0/0
  7270 | D:6      | Found a transporter.
  7283 | D:6      | Found a transporter.
  7620 | D:7      | Reached skill level 9 in Spellcasting
  7701 | D:7      | Found a glowing golden altar of the Shining One.
  8076 | D:7      | Noticed a manticore
  8104 | D:7      | Found a transporter.
  8104 | D:7      | Found a transporter.
  8204 | D:7      | Reached *** piety under Zin
  8818 | D:6      | Gained mutation: You are partially covered in iridescent
                  | scales. (AC +2) [potion of mutation]
  8818 | D:6      | Gained mutation: You are covered in fur. (AC +1) [potion of
                  | mutation]
  8823 | D:6      | Killed Menkaure
  8823 | D:6      | Slain by a wraith

Illustrated notes

Levels and vault maps discovered:
D:1:      saegor_arrival_under_anarchy, layout_basic
D:2:      layout_basic, basic_altar, nicolae_ecumenical_pavilion,
          kennysheep_generic_room_7
D:3:      gammafunk_steamed_eel, layout_loops_ring,
          nicolae_wu_jian_immortal_techniques
D:4:      layout_basic, mainiacjoe_overflow_alcove_2, uniq_eustachio, uniq_robin
D:5:      layout_rooms, nicolae_qazlal_eye_of_the_storm,
          minmay_temple_entry_junction, minmay_misc_feat_diagonals,
          minmay_mini_ossuary
D:6:      cheibrodos_fertilizer, layout_cave_pools, gammafunk_temple_of_torment,
          serial_shops, nicolae_shop_advertising_works
          [nicolae_subvault_shop_adworks]
D:7:      layout_loops_corners, tso_metal_star, nzn_ghost_randoct,
          hangedman_misty_isle
Temple:   nicolae_temple_great_sept

Skill      XL: |  1  2  3  4  5  6  7  8  9 10 |
---------------+-------------------------------+-----
Spellcasting   | 3 4 5 7 8 9 |  9.5
Dodging        | 3 4 5 6 |  6.5
Stealth        | 2 3 |  3.1
Armour         | 1 2 |  2.9
Invocations    | 2 4 |  4.0
Fighting       | 1 |  1.3

Action                   |  1- 3 |  4- 6 |  7- 9 | 10-12 || total
-------------------------+-------+-------+-------+-------++-------
Melee: Staff             |       |     2 |     4 |     1 ||     7
       Punch             |       |       |     1 |       ||     1
 Cast: Foxfire           |    32 |    54 |    87 |    14 ||   187
       Scorch            |     1 |    17 |    37 |    36 ||    91
       Conjure Flame     |       |     5 |     7 |     2 ||    14
       Inner Flame       |       |     1 |     4 |       ||     5
       Flame Wave        |       |       |     6 |     6 ||    12
       Vampiric Draining |       |       |     1 |       ||     1
Invok: Donate Gold       |       |       |     1 |       ||     1
       Recite            |       |       |       |     3 ||     3
  Use: Scroll            |     4 |     2 |     7 |     1 ||    14
       Potion            |       |       |       |     3 ||     3
Armor: Robe              |     2 |     3 |       |       ||     5
       Leather armour    |       |       |    16 |    11 ||    27
Dodge: Dodged            |     7 |     8 |    35 |    24 ||    74
